 Dungeon Sprint DCSS version 0.30-a0-779-g7971cf19c3 (webtiles) character file.

Game seed: 8180228124347038971

293 dialectric the Fighter (level 6, -5/45 HPs)
             Began as a Gargoyle Fighter on Feb 17, 2023.
             Slain by a slime creature (12 damage)
             ... in the Dungeon (Sprint I: "Red Sonja").
             The game lasted 00:00:49 (198 turns).

dialectric the Fighter (Gargoyle Fighter)            Turns: 198, Time: 00:00:49

Health: -5/45      AC: 12    Str: 19    XL:     6   Next: 33%
Magic:  6/6        EV: 10    Int:  9    God:
Gold:   297        SH:  0    Dex: 11    Spells: 5/5 levels left

rFire   . . .      SeeInvis .    a - +0 flail
rCold   . . .      Faith    .    (no shield)
rNeg    + . .      Spirit   .    b - +0 scale mail
rPois   ∞          Reflect  .    (no helmet)
rElec   +          Harm     .    (no cloak)
rCorr   .          Rampage  .    (no gloves)
Will    .....      NoTele   +    (no boots) Stlth
                                 (no amulet)
HPRegen 0.27/turn                (no ring)
MPRegen 0.10/turn                (no ring)

@: no status effects
A: sickness immunity, AC +4, negative energy resistance 1, electricity
resistance, torment resistance 1, petrification resistance
a: no special abilities


You were in the Dungeon.
You visited 1 branch You collected 297 gold pieces.

Inventory:

Hand Weapons
 a - a +0 flail (weapon)
Armour
 b - a +0 scale mail (worn)
 c - a +0 buckler
Wands
 k - a wand of charming (3)
Scrolls
 j - a scroll of blinking
 l - a scroll of identify {unknown}
Potions
 d - 2 potions of might
 e - a potion of curing
 f - a potion of heal wounds
 g - a potion of haste
 h - 2 potions of magic
 i - a potion of berserk rage


   Skills:
 + Level 8.8 Fighting
 + Level 7.7 Maces & Flails
 + Level 8.1 Armour
 * Level 2.0 Dodging
 - Level 3.2 Shields


You had 5 spell levels left.
You didn't know any spells.
Your spell library was empty.

Dungeon Overview and Level Annotations

Branches:
Dungeon (1/1)

Altars:
Makhleb
Sif Muna
Vehumet
Wu Jian
Xom
Jiyva
Lugonu


Innate Abilities, Weirdness & Mutations

You are immune to sickness and miasma.
Your stone body is resilient. (AC +4)
You are immune to poison.
You resist negative energy. (rN+)
You are resistant to electric shocks. (rElec)
You are resistant to unholy torment.
You are immune to petrification.


Message History

You now have 270 gold pieces (gained 27).
You now have 297 gold pieces (gained 27).
There is an open door here.
There is an ornate altar of the Wu Jian Council here.
You see here a +0 dagger.
There is an open door here.
You open the door.
A slime creature comes into view.
The slime creature quivers.
The slime creature moves out of view.
Found a burning altar of Makhleb and a shimmering altar of Xom.
Found a viscous altar of Jiyva and a corrupted altar of Lugonu.
The slime creature hits you!
There is an open door here.
You thump the slime creature!
The slime creature is lightly wounded.
The slime creature hits you.
You hit the slime creature.
The slime creature is lightly wounded.
The slime creature hits you!
You hit the slime creature.
The slime creature is moderately wounded.
The slime creature closely misses you.
You sock the slime creature!
The slime creature is heavily wounded.
The slime creature hits you but does no damage.
You hit the slime creature.
The slime creature is heavily wounded.
The slime creature hits you but does no damage.
You hit the slime creature but do no damage.
The slime creature is heavily wounded.
The slime creature hits you.
You barely miss the slime creature.
The slime creature is heavily wounded.
The slime creature hits you!
* * * LOW HITPOINT WARNING * * *
You sock the slime creature!
The slime creature is severely wounded.
The slime creature hits you!
You die...

###################
#<.#..)..#.)'..#J_#
#..').#..'..#..@..+
#..#####'#####'#__#
#..# #..#...#.####
#..# ####..##)#
#..# ##'#_.+ #⌠⌠#
+..._# #### #_.#'#
##+#.# ###


You could see a slime creature.

Vanquished Creatures
  Sigmund (D)
  An ogre (D)
  A jelly (D)
  Ijyb (D)
4 creatures vanquished.

Notes
Turn   | Place    | Note
-------+----------+-------------------------------------------
     0 | D        | dialectric the Gargoyle Fighter began the quest for the
                  | Orb.
     0 | D        | Reached XP level 1. HP: 14/14 MP: 1/1
     8 | D        | Noticed Ijyb
    24 | D        | Killed Ijyb
    25 | D        | Reached skill level 5 in Fighting
    25 | D        | Reached skill level 5 in Armour
    25 | D        | Reached XP level 2. HP: 13/21 MP: 2/2
    25 | D        | Reached XP level 3. HP: 16/26 MP: 3/3
    64 | D        | Noticed an ogre
    70 | D        | Killed an ogre
    71 | D        | Reached skill level 1 in Dodging
    71 | D        | Reached XP level 4. HP: 18/32 MP: 4/4
   128 | D        | Noticed Sigmund
   137 | D        | Killed Sigmund
   138 | D        | Reached XP level 5. HP: 37/40 MP: 5/5
   138 | D        | Reached XP level 6. HP: 41/45 MP: 6/6
   149 | D        | Found a shimmering blue altar of Sif Muna.
   150 | D        | Found an ornate altar of the Wu Jian Council.
   151 | D        | Found a radiant altar of Vehumet.
   189 | D        | Found a burning altar of Makhleb.
   189 | D        | Found a shimmering altar of Xom.
   189 | D        | Noticed a slime creature
   190 | D        | Found a viscous altar of Jiyva.
   190 | D        | Found a corrupted altar of Lugonu.
   198 | D        | Slain by a slime creature

Illustrated notes

Levels and vault maps discovered:
D:        dungeon_sprint_1 [red_sonja_temple_1, red_sonja_temple_small_1]

Skill      XL: |  1  2  3  4  5  6 |
---------------+-------------------+-----
Fighting       | 5 6 8 |  8.8
Maces & Flails | 3 4 7 |  7.7
Armour         | 5 6 8 |  8.1
Dodging        | 1 2 |  2.0
Shields        | |  3.2

Action                     |  1- 3 |  4- 6 || total
---------------------------+-------+-------++-------
  Melee: Flail             |    14 |    20 ||    34
 Armour: Scale mail        |     9 |     8 ||    17
  Dodge: Dodged            |     5 |     2 ||     7

Table legend: (Time is in decaauts)
 A = Elapsed time spent in this place.
 B = Non-inter-level travel time spent in this place.
 C = Inter-level travel time spent in this place.
 D = Time resting spent in this place.
 E = Time spent auto-exploring this place.
 F = Levels seen in this place.
 G = Mean time per level.
                   A        B        C        D        E       F      G
               +--------+--------+--------+--------+--------+-----+--------+
         Total |    202 |    202 |      0 |     81 |      0 |   1 |  202.0 |
       Dungeon |    202 |    202 |      0 |     81 |      0 |   1 |  202.0 |
               +--------+--------+--------+--------+--------+-----+--------+

Top non-repeatable levels by time:
       D: 202 daAuts
